 Dungeon Crawl Stone Soup version 0.30-a0-639-g3916f1956a (webtiles) character file.

Game seed: 6338213727756812529

108 NinjaNoafa the Chopper (level 4, -11/39 (40) HPs)
             Began as a Hill Orc Fighter on Jan 17, 2023.
             Mangled by an ogre
             ... wielding a +0 giant spiked club
              (23 damage)
             ... on level 4 of the Dungeon.
             The game lasted 00:08:32 (2254 turns).

NinjaNoafa the Chopper (Hill Orc Fighter)           Turns: 2254, Time: 00:08:33

HP:   -11/39 (40)   AC: 10    Str: 20    XL:     4   Next: 87%
MP:   4/4           EV:  7    Int:  8    God:
Gold: 182           SH:  4    Dex: 10    Spells: 3/3 levels left

rFire   . . .      SeeInvis .    a - +0 war axe
rCold   . . .      Faith    .    c - +0 buckler
rNeg    . . .      Spirit   .    q - +0 chain mail
rPois   .          Reflect  .    (no helmet)
rElec   .          Harm     .    (no cloak)
rCorr   .          Rampage  .    r - +0 pair of gloves
Will    .....                    (no boots) Stlth
                                 (no amulet)
HPRegen 0.26/turn                (no ring)
MPRegen 0.09/turn                (no ring)

@: lightly drained
A: no striking features
a: no special abilities


You were on level 4 of the Dungeon.
You visited 1 branch of the dungeon, and saw 4 of its levels.

You collected 182 gold pieces.

Inventory:

Hand Weapons
 a - a +0 war axe (weapon)
Missiles
 p - 10 poisoned darts (quivered)
Armour
 c - a +0 buckler (worn)
 q - a +0 chain mail (worn)
 r - a +0 pair of gloves (worn)
Wands
 i - a wand of flame (19)
Scrolls
 e - 7 scrolls of identify {unknown}
 f - 2 scrolls of enchant armour {unknown}
 j - 4 scrolls of poison {unknown}
 m - a scroll of vulnerability {unknown}
 n - a scroll of acquirement {unknown}
Potions
 b - 2 potions of mutation {unknown}
 d - a potion of might
 g - a potion of brilliance {unknown}
 h - a potion of heal wounds {unknown}
 k - 3 potions of flight {unknown}
 l - 5 potions of curing {unknown}
 o - a potion of invisibility {unknown}
 s - a potion of magic {unknown}
 t - a potion of degeneration {unknown}


   Skills:
 + Level 4.2 Fighting
 - Level 5.0 Axes
 + Level 3.8 Armour
 + Level 3.8 Shields


You had 3 spell levels left.
You didn't know any spells.
Your spell library contained the following spells:

 Spells                   Type           Power      Damage    Failure   Level
 Dazzling Flash           Conj/Hex       0%         N/A       100%        3
 Frozen Ramparts          Ice            0%         1d1       100%        3
 Ice Form                 Ice/Tmut       0%         N/A       100%        4
 Iskenderun's Mystic Bla  Conj/Tloc      0%         2d3       100%        4
 Summon Ice Beast         Ice/Summ       0%         N/A       100%        4
 Freezing Cloud           Conj/Ice/Air   0%         6-21      100%        5
 Simulacrum               Ice/Necr       0%         N/A       100%        6
 Starburst                Conj/Fire      0%         6d3       100%        6
 Polar Vortex             Ice            0%         N/A       100%        9


Dungeon Overview and Level Annotations

Branches:
Dungeon (4/15)
 Temple: D:4-7

Altars:
Uskayaw
Wu Jian
Xom


Message History

Done exploring.
Done exploring.
Done exploring.
Done exploring.
(D) Dungeon
Where to? (Enter - D:3, ? - help)
There is a stone staircase leading down here.
You climb downwards.
There is a stone staircase leading up here.
An ogre comes into view. It is wielding a +0 giant spiked club.
The ogre shouts!
An ogre is nearby!
An ogre is nearby!
An ogre is nearby!
An ogre is nearby!
An ogre is nearby!
The ogre hits you with a +0 giant spiked club!
You barely miss the ogre. You barely miss the ogre. The ogre barely misses you.
Aiming: Throw Flame
Press: ? - help, Shift-Dir - straight line, f - ogre
Aim: an ogre, wielding a +0 giant spiked club (85% to hit)
The puff of flame hits the ogre.
The ogre is moderately wounded.
You block the ogre's attack.
Aiming: Throw Flame
Press: ? - help, Shift-Dir - straight line, f/p - ogre
Aim: an ogre, wielding a +0 giant spiked club (moderately wounded, 85% to hit)
The puff of flame misses the ogre.
The ogre hits you with a +0 giant spiked club!
Aiming: Throw Flame
Press: ? - help, Shift-Dir - straight line, f/p - ogre
Aim: an ogre, wielding a +0 giant spiked club (moderately wounded, 85% to hit)
The puff of flame hits the ogre.
The ogre is moderately wounded.
Okay, then.
The ogre attacks as you move away!
The ogre hits you with a +0 giant spiked club!!
Ouch! That really hurt!
You die...

### ###.### ###
##.#...#####..#
#.......#.....###
##.....##.......#
##.......#.@O....#
##..................
##.........#.........
#...#....#.#........#
#.<##....#..........#
###..................
......###.##.....#
....### #.# ......
...#.# .. ...


You could see an ogre.

Vanquished Creatures
  An orc wizard (D:3)
  An adder (D:3)
  An ufetubus (D:3)
  A worm (D:3)
  2 dart slugs
  4 orcs (D:3)
  4 ball pythons
  5 bats
  2 endoplasms (D:3)
  A giant cockroach (D:1)
  3 hobgoblins
  2 jackals (D:1)
  5 quokkas
  5 frilled lizards
  7 goblins
  8 kobolds
  11 rats
63 creatures vanquished.

Notes
Turn   | Place    | Note
-------+----------+-------------------------------------------
     0 | D:1      | NinjaNoafa the Hill Orc Fighter began the quest for the
                  | Orb.
     0 | D:1      | Reached XP level 1. HP: 19/19 MP: 1/1
   205 | D:1      | Reached XP level 2. HP: 25/27 MP: 2/2
   227 | D:1      | Reached skill level 3 in Axes
   490 | D:1      | Reached XP level 3. HP: 32/33 MP: 3/3
   568 | D:1      | Found a faded altar of an unknown god.
   841 | D:2      | Found an ornate altar of the Wu Jian Council.
  1621 | D:3      | Reached XP level 4. HP: 39/40 MP: 4/4
  1640 | D:3      | Found a hide-covered altar of Uskayaw.
  1664 | D:3      | Found a shimmering altar of Xom.
  1858 | D:3      | Reached skill level 4 in Axes
  2141 | D:3      | Reached skill level 5 in Axes
  2246 | D:4      | Noticed an ogre
  2254 | D:4      | Mangled by an ogre

Illustrated notes

Levels and vault maps discovered:
D:1:      amcnicky_arrival_flooded_fountain, layout_basic,
          ebering_ecumenical_altar_hall, amcnicky_mini_corridor_feature,
          chequers_serial_rivers_small_b, minivault_14
D:2:      layout_loops_ring, basic_altar
D:3:      layout_basic, mainiacjoe_overflow_tiny_flanked,
          mainiacjoe_overflow_alcove_1, skrybe_limestone_x,
          kennysheep_generic_room_6
D:4:      layout_cave_pools

Skill      XL: |  1  2  3  4 |
---------------+-------------+-----
Axes           | 3 5 |  5.0
Fighting       | 4 |  4.2
Armour         | |  3.8
Shields        | |  3.8

Action                   |  1- 3 |  4- 6 || total
-------------------------+-------+-------++-------
Melee: War axe           |   114 |    38 ||   152
Throw: Dart              |       |     3 ||     3
Evoke: Wand              |       |     3 ||     3
Armor: Scale mail        |    56 |       ||    56
       Chain mail        |       |    25 ||    25
Dodge: Dodged            |    51 |    21 ||    72
Block: Buckler           |    23 |     8 ||    31

Table legend: (Time is in decaauts)
 A = Elapsed time spent in this place.
 B = Non-inter-level travel time spent in this place.
 C = Inter-level travel time spent in this place.
 D = Time resting spent in this place.
 E = Time spent auto-exploring this place.
 F = Levels seen in this place.
 G = Mean time per level.
                   A        B        C        D        E       F      G
               +--------+--------+--------+--------+--------+-----+--------+
         Total |   2313 |   2092 |    221 |      0 |   1554 |   4 |  578.2 |
       Dungeon |   2313 |   2092 |    221 |      0 |   1554 |   4 |  578.2 |
               +--------+--------+--------+--------+--------+-----+--------+

Top non-repeatable levels by time:
     D:1: 828 daAuts
     D:2: 735 daAuts
     D:3: 728 daAuts
     D:4: 21 daAuts
